 Dungeon Crawl Stone Soup version 0.31-a0-810-ga77100ea1a (webtiles) character file.

Game seed: 2560859436713354072

898 Newt the Ducker (level 7, 0/54 HPs)
             Began as a Demonspawn Gladiator on Sept 21, 2023.
             Slain by Prince Ribbit (9 damage)
             ... on level 5 of the Dungeon.
             The game lasted 00:04:28 (5451 turns).

Newt the Ducker (Demonspawn Gladiator)              Turns: 5451, Time: 00:04:28

Health: 0/54       AC:  4    Str: 16    XL:     7   Next: 79%
Magic:  7/7        EV: 13    Int: 12    God:
Gold:   161        SH:  5    Dex: 14    Spells: 6/6 levels left

rFire   . . .        j - +2 quick blade (elec)
rCold   . . .        g - +1 buckler
rNeg    . . .        b - +0 leather armour
rPois   +            c - +0 helmet
rElec   .            (no cloak)
rCorr   .            (no gloves)
SInv    .            (no boots)
Will    .....        (no amulet)
Stlth   +            m - ring of poison resistance
HPRegen 0.29/turn    (no ring)
MPRegen 0.10/turn

%: no passive effects
@: no status effects
A: powered by death 2, big brain 1, weakness stinger 1
a: no special abilities


You were on level 5 of the Dungeon.
You visited 1 branch of the dungeon, and saw 5 of its levels.

You collected 161 gold pieces.

Inventory:

Hand Weapons
 a - a +0 rapier
 d - a +1 short sword of venom
 h - a +3 dagger
 j - a +2 quick blade of electrocution (weapon)
Missiles
 e - a javelin
 l - a throwing net
 o - 2 boomerangs
Armour
 b - a +0 leather armour (worn)
 c - a +0 helmet (worn)
 g - a +1 buckler (worn)
Jewellery
 m - a ring of poison resistance (left hand)
Scrolls
 k - 2 scrolls of enchant armour
 n - 3 scrolls of teleportation {unknown}
 p - a scroll of identify
 q - a scroll of poison {unknown}
 s - 2 scrolls of revelation {unknown}
Potions
 f - a potion of heal wounds {unknown}
 i - a potion of resistance
 r - a potion of curing
 t - 2 potions of enlightenment {unknown}


   Skills:
 - Level 4.0 Fighting
 + Level 5.9 Short Blades
 - Level 1.7 Throwing
 - Level 6.0 Dodging


You had 6 spell levels left.
You didn't know any spells.
Your spell library was empty.

Dungeon Overview and Level Annotations

Branches:
Dungeon (5/15)             Temple (0/1) D:5

Altars:

Shops:
D:3 =

Annotations:
D:5 Prince Ribbit


Innate Abilities, Weirdness & Mutations

You regenerate health from kills.
You have an unusually large brain. (Int +2)
You have a small tail.


Message History

Prince Ribbit is nearby!
Prince Ribbit gives a loud, deep croak!
Prince Ribbit misses you.
You barely miss Prince Ribbit.
Your tail-slap misses Prince Ribbit.
You closely miss Prince Ribbit.
Your tail-slap misses Prince Ribbit.
Prince Ribbit closely misses you.
You miss Prince Ribbit. x2; Prince Ribbit hits you!
You hit Prince Ribbit. You tail-slap Prince Ribbit. You hit Prince Ribbit.
Prince Ribbit is moderately wounded.
Prince Ribbit blinks!
You block Prince Ribbit's attack. Prince Ribbit hits you!
You hit Prince Ribbit. You barely miss Prince Ribbit.
Prince Ribbit is moderately wounded.
Prince Ribbit hits you!
* * * LOW HITPOINT WARNING * * *
You closely miss Prince Ribbit. x2
You tail-slap Prince Ribbit, but do no damage.
Prince Ribbit is moderately wounded.
You block Prince Ribbit's attack.
Unknown command.
Throw: 2 throwing nets
Press: ? - help, Shift-Dir - straight line, f - Prince Ribbit
Aim: Prince Ribbit (moderately wounded, 34% to hit)
You throw a throwing net. The throwing net hits Prince Ribbit.
Prince Ribbit is caught in the net!
Prince Ribbit is moderately wounded.
Prince Ribbit struggles against the net.
You hit Prince Ribbit.
Lightning courses through Prince Ribbit!
You hit Prince Ribbit. You tail-slap Prince Ribbit.
Prince Ribbit is almost dead.
Prince Ribbit struggles against the net. x2
The net rips apart, and Prince Ribbit comes free!
You miss Prince Ribbit. x2
Prince Ribbit is almost dead.
You block Prince Ribbit's attack.
You miss Prince Ribbit. You barely miss Prince Ribbit.
Prince Ribbit is almost dead.
Prince Ribbit hits you!
You die...

#.# #.# #.# ###+### #.#
##### ....... #.# #....
.......######.#######.###
.......+.................
.......##..#.+#######..##
........@...)...†# #..#
........#F..#....# #..#
........#.⌠.#....# #..#
...>..###...###..# #..#
#####. ..........# #..#
#..⌠..>..⌠...# #..#
.............# #...
..###...###..#


You could see Prince Ribbit.

Vanquished Creatures
  A wyvern (D:5)
  Duvessa (D:5)
  A phantom (D:4)
  A gnoll sergeant (D:5)
  A scorpion (D:5)
  Dowan (D:5)
  2 hounds
  An orc priest (D:4)
  Natasha (thrice) (D:2)
  2 orc wizards
  5 adders
  4 gnolls (D:5)
  A white imp (D:5)
  2 worms (D:2)
  13 orcs
  9 ball pythons
  5 bats
  11 endoplasms
  A giant cockroach (D:1)
  4 hobgoblins
  8 jackals
  6 kobolds
  A quokka (D:3)
  5 frilled lizards
  A goblin (D:4)
  6 rats
96 creatures vanquished.

Notes
Turn   | Place    | Note
-------+----------+-------------------------------------------
     0 | D:1      | Newt the Demonspawn Gladiator began the quest for the Orb.
     0 | D:1      | Reached XP level 1. HP: 16/16 MP: 1/1
   335 | D:1      | Gained mutation: You have a small tail. [demonic ancestry]
   335 | D:1      | Reached XP level 2. HP: 22/23 MP: 2/2
  1130 | D:2      | Noticed Natasha
  1151 | D:1      | Reached XP level 3. HP: 9/29 MP: 3/3
  1346 | D:2      | Killed Natasha
  1367 | D:2      | Noticed Natasha
  1385 | D:2      | Killed Natasha
  1386 | D:2      | Reached skill level 3 in Dodging
  1386 | D:2      | Gained mutation: You regenerate a little health from kills.
                  | [demonic ancestry]
  1386 | D:2      | Reached XP level 4. HP: 10/37 MP: 4/4
  1730 | D:2      | Noticed Natasha
  1745 | D:2      | Killed Natasha
  1782 | D:2      | Reached skill level 4 in Dodging
  2026 | D:2      | Reached XP level 5. HP: 34/42 MP: 5/5
  3218 | D:3      | Found Akodel's Jewellery Shoppe.
  3611 | D:4      | Identified a scroll of acquirement
  3611 | D:4      | Acquired a +2 quick blade of electrocution
  4009 | D:4      | Gained mutation: You regenerate health from kills. [demonic
                  | ancestry]
  4009 | D:4      | Reached XP level 6. HP: 36/48 MP: 6/6
  4026 | D:4      | Reached skill level 5 in Short Blades
  4641 | D:5      | Entered Level 5 of the Dungeon
  4761 | D:5      | Reached skill level 5 in Dodging
  4761 | D:5      | Gained mutation: You have an unusually large brain. (Int
                  | +2) [demonic ancestry]
  4761 | D:5      | Reached XP level 7. HP: 18/54 MP: 7/7
  5401 | D:5      | Found a staircase to the Ecumenical Temple.
  5405 | D:5      | Noticed Dowan
  5406 | D:5      | Noticed Duvessa
  5406 | D:5      | Noticed a wyvern
  5413 | D:5      | Killed a wyvern
  5414 | D:5      | Reached skill level 6 in Dodging
  5421 | D:5      | Killed Duvessa
  5429 | D:5      | Killed Dowan
  5437 | D:5      | Noticed Prince Ribbit
  5451 | D:5      | Slain by Prince Ribbit

Illustrated notes

Levels and vault maps discovered:
D:1:      erik_arrival_triangle_large, layout_basic
D:2:      layout_rooms, uniq_natasha
D:3:      layout_basic, serial_shops, shop, st_stairs_11
D:4:      layout_loops_corners
D:5:      layout_basic, minmay_temple_entry_junction_2, minmay_quadrilaterals,
          uniq_prince_ribbit1, uniq_blork_the_orc, uniq_duvessa

Skill      XL: |  1  2  3  4  5  6  7 |
---------------+----------------------+-----
Fighting       | 3 4 |  4.0
Dodging        | 3 4 5 6 |  6.0
Short Blades   | 4 5 |  5.9
Throwing       | |  1.7

Action                     |  1- 3 |  4- 6 |  7- 9 || total
---------------------------+-------+-------+-------++-------
  Melee: Rapier            |    85 |    13 |       ||    98
         Tailslap          |    12 |    34 |    11 ||    57
         Dagger            |       |    38 |       ||    38
         Short sword       |       |   115 |       ||   115
         Quick blade       |       |    83 |    51 ||   134
  Throw: Throwing net      |     3 |     2 |     2 ||     7
         Javelin           |     1 |       |       ||     1
    Use: Potion            |     1 |     1 |       ||     2
         Scroll            |       |     5 |       ||     5
   Stab: Sleeping          |     1 |       |     1 ||     2
         Held in net/web   |     1 |       |       ||     1
 Armour: Leather armour    |    52 |   113 |    13 ||   178
  Dodge: Dodged            |    57 |   129 |    20 ||   206
  Block: Buckler           |    12 |    30 |    11 ||    53

Table legend: (Time is in decaauts)
 A = Elapsed time spent in this place.
 B = Non-inter-level travel time spent in this place.
 C = Inter-level travel time spent in this place.
 D = Time resting spent in this place.
 E = Time spent auto-exploring this place.
 F = Levels seen in this place.
 G = Mean time per level.
                   A        B        C        D        E       F      G
               +--------+--------+--------+--------+--------+-----+--------+
         Total |   5453 |   5293 |    160 |   1131 |   3393 |   5 | 1090.6 |
       Dungeon |   5453 |   5293 |    160 |   1131 |   3393 |   5 | 1090.6 |
               +--------+--------+--------+--------+--------+-----+--------+

Top non-repeatable levels by time:
     D:3: 1415 daAuts
     D:4: 1350 daAuts
     D:1: 1336 daAuts
     D:2: 842 daAuts
     D:5: 507 daAuts
